 Dungeon Crawl Stone Soup version 0.29.1-1-gd02db6906a (webtiles) character file.

Game seed: 13464061977014336751

355 mtoz the Digger (level 6, -3/32 HPs)
             Began as a Gargoyle Earth Elementalist on Oct 1, 2022.
             Was an Initiate of Hepliaklqana.
             Slain by an ufetubus (4 damage)
             ... on level 4 of the Dungeon.
             The game lasted 00:16:32 (3344 turns).

mtoz the Digger (Gargoyle Earth Elementalist)       Turns: 3344, Time: 00:16:33

Health: -3/32      AC:  1    Str: 11    XL:     6   Next: 63%
Magic:  8/10       EV: 12    Int: 18    God:    Hepliaklqana [......]
Gold:   237        SH:  0    Dex: 10    Spells: 10/11 levels left

rFire   . . .      SeeInvis .   p - +4 falchion of Ohaheluq {freeze, rN+ Will+}
rCold   . . .      Faith    .   (no shield)
rNeg    + + .      Spirit   .   a - +0 robe
rPois   ∞          Reflect  .   d - +0 helmet
rElec   +          Harm     .   (no cloak)
rCorr   .          Rampage  .   j - +0 pair of gloves
Will    +....                   l - +0 pair of boots
Stlth   ++........              (no amulet)
HPRegen 0.10/turn               (no ring)
MPRegen 0.12/turn               (no ring)

@: corroded
A: sickness immunity, AC +4, negative energy resistance 1, electricity
resistance, torment resistance 1, petrification resistance
a: Renounce Religion


You were on level 4 of the Dungeon.
You worshipped Hepliaklqana.
Hepliaklqana was noncommittal.
You visited 1 branch of the dungeon, and saw 4 of its levels.

You collected 237 gold pieces.

Inventory:

Hand Weapons
 p - the +4 falchion of Ohaheluq (weapon) {freeze, rN+ Will+}
   (You found it on level 4 of the Dungeon)

   It freezes those it strikes, dealing additional cold damage.
   It can also slow down cold-blooded creatures.
   rN:        It protects you from negative energy.
   Will:      It increases your willpower.
Missiles
 e - a throwing net
Armour
 a - a +0 robe (worn)
 d - a +0 helmet (worn)
 j - a +0 pair of gloves (worn)
 l - a +0 pair of boots (worn)
 n - a +0 leather armour
Wands
 o - a wand of flame (17)
Scrolls
 k - a scroll of brand weapon {unknown}
 q - a scroll of magic mapping
 r - a scroll of enchant weapon
Potions
 b - a potion of curing
 c - a potion of attraction
 f - a potion of might {unknown}
 g - 2 potions of heal wounds {unknown}
 h - a potion of haste {unknown}
 i - a potion of brilliance {unknown}
 m - a potion of flight {unknown}


   Skills:
 + Level 2.9 Dodging
 + Level 4.0 Stealth
 + Level 3.2 Spellcasting
 + Level 2.3 Transmutations
 + Level 5.0 Earth Magic


You had 10 spell levels left.
You knew the following spells:

 Your Spells              Type           Power      Damage    Failure   Level
a - Sandblast             Erth           42%        2d11      1%          1

Your spell library contained the following spells:

 Spells                   Type           Power      Damage    Failure   Level
 Passwall                 Tmut/Erth      13%        N/A       5%          2
 Stone Arrow              Conj/Erth      24%        3d8       17%         3
 Petrify                  Tmut/Erth      16%        N/A       34%         4


Dungeon Overview and Level Annotations

Branches:
Dungeon (4/15)             Temple (0/1) D:4

Altars:
Hepliaklqana
Kikubaaqudgha

Shops:
D:1 *


Innate Abilities, Weirdness & Mutations

You are immune to sickness and miasma.
Your stone body is resilient. (AC +4)
You are immune to poison.
You resist negative energy. (rN+)
You are resistant to electric shocks. (rElec)
You are resistant to unholy torment.
You are immune to petrification.


Message History

Aiming: Sandblast (safe; 1% risk of failure)
Press: ? - help, Q - select action, (/) - cycle Shift-Dir - straight line, f/p - orc wizard
Aim: an orc wizard, wielding a +0 dagger and wearing a +0 robe (heavily wounded, 79% to hit)
The blast of sand hits the orc wizard!
You kill the orc wizard!
An adder comes into view.
An ufetubus comes into view.
Your Stealth skill increases to level 4!
Aiming: Sandblast (safe; 1% risk of failure)
Press: ? - help, Q - select action, (/) - cycle Shift-Dir - straight line, f - jelly
Aim: a jelly (100% to hit)
The blast of sand hits the jelly.
The jelly is moderately wounded.
The ufetubus shouts!
A kobold comes into view. It is wielding a +0 whip.
The jelly hits you.
You are splashed with acid.
The orc completely misses you. The jelly hits you. The acid corrodes you!
You are splashed with acid!
The jelly hits you but does no damage.
Found a leather armour.
The jelly attacks as you move away! The jelly hits you but does no damage.
The orc priest begins to cast a cantrip, but forgets the words!
The orc barely misses you. The orc attacks as you move away!
The orc closely misses you. The jelly attacks as you move away!
The jelly hits you but does no damage.
Found a stone staircase leading down.
The jelly hits you. The acid corrodes you!
You are splashed with acid!
* * * LOW HITPOINT WARNING * * *
The orc attacks as you move away! The orc closely misses you.
The jelly attacks as you move away! The jelly closely misses you.
Found 12 gold pieces.
The orc attacks as you move away! The orc hits you with a +0 mace.
* * * LOW HITPOINT WARNING * * *
You feel better. The ufetubus barely misses you. x2
The orc hits you with a +0 mace.
* * * LOW HITPOINT WARNING * * *
The ufetubus attacks as you move away! The ufetubus hits you.
* * * LOW HITPOINT WARNING * * *
The ufetubus misses you.
The ufetubus hits you but does no damage.
The ufetubus hits you.
You die...

******* *#############..# ,,,,,,*
*................
,,,,,,**##########...#........>.#
,,,,,,*.$.......####............#
,,,,,,..........................#
,,,,,,#.>........####...........#
,,,,,,#.[.............<...#.#....
,,,,,,#.........##......#...#.###
*****##.........@...###)....#...)
**,,,.........J.5................
*,,***#.......oSo.###............
,,** *###............##..#..#...
******####...#....######..#......
,,,,,......K.....................
*****#####...#....#####.......###
* ******##.##..#.#** #....##..**
* **,,,,,#......#...**#....#*#..*


You could see a jelly, an orc priest, an adder, an orc, an ufetubus and a
kobold.

Vanquished Creatures
  Sigmund (D:3)
  Natasha (thrice) (D:3)
  An orc wizard (D:4)
  An adder (D:2)
  2 worms (D:2)
  An orc (D:3)
  6 ball pythons
  11 endoplasms
  A giant cockroach (D:1)
  8 goblins
  10 jackals
  2 kobolds
  7 quokkas
  6 bats
  3 frilled lizards (D:1)
  3 rats
66 creatures vanquished.

Notes
Turn   | Place    | Note
-------+----------+-------------------------------------------
     0 | D:1      | mtoz the Gargoyle Earth Elementalist began the quest for
                  | the Orb.
     0 | D:1      | Reached XP level 1. HP: 10/10 MP: 3/3
   136 | D:1      | Found Benaeh's General Store.
   149 | D:1      | Reached skill level 1 in Transmutations
   149 | D:1      | Reached XP level 2. HP: 15/15 MP: 3/5
   638 | D:1      | Reached XP level 3. HP: 19/19 MP: 4/6
   719 | D:1      | Reached skill level 4 in Earth Magic
   783 | D:1      | Found a faded altar of an unknown god.
  1553 | D:2      | Reached XP level 4. HP: 24/24 MP: 5/7
  2236 | D:3      | Noticed Natasha
  2243 | D:3      | Killed Natasha
  2327 | D:3      | Found a hazy altar of Hepliaklqana.
  2386 | D:3      | Became a worshipper of Hepliaklqana the Forgotten
  2432 | D:3      | Noticed Sigmund
  2436 | D:3      | Killed Sigmund
  2437 | D:3      | Reached XP level 5. HP: 7/28 MP: 3/9
  2437 | D:3      | Reached XP level 6. HP: 8/32 MP: 3/10
  2807 | D:3      | Found an ancient bone altar of Kikubaaqudgha.
  3043 | D:3      | Noticed Natasha
  3046 | D:3      | Killed Natasha
  3145 | D:3      | Noticed Natasha
  3149 | D:3      | Killed Natasha
  3150 | D:3      | Reached skill level 5 in Earth Magic
  3220 | D:4      | Identified the +4 falchion of Ohaheluq {freeze, rN+ Will+}
  3221 | D:4      | Found a staircase to the Ecumenical Temple.
  3342 | D:4      | HP: 1/32 [orc/+0 mace (3)]
  3344 | D:4      | Slain by an ufetubus

Illustrated notes

Levels and vault maps discovered:
D:1:      scummos_arrival_simple_fountains, layout_basic, serial_shops,
          nicolae_square_shop, ebering_ecumenical_altar_rust,
          hangedman_abyss_or_decor_stabs, minmay_misc_feat_room,
          minmay_door_square, serial_park_tiny_pond
D:2:      layout_loops_corners, minmay_stone_trees_medium,
          kennysheep_generic_room_7
D:3:      layout_basic, mainiacjoe_overflow_brackets, amcnicky_altar_gilded,
          minmay_cut_off, uniq_natasha, uniq_sigmund
D:4:      layout_rooms, kennysheep_mini_moat, nicolae_qazlal_style_of_elements,
          minmay_temple_entry_arrows

Skill      XL: |  1  2  3  4  5  6 |
---------------+-------------------+-----
Transmutations | 1 2 |  2.3
Earth Magic    | 4 5 |  5.0
Dodging        | 2 |  2.9
Stealth        | 3 4 |  4.0
Spellcasting   | 3 |  3.2

Action                   |  1- 3 |  4- 6 || total
-------------------------+-------+-------++-------
 Cast: Sandblast         |    52 |    38 ||    90
  Use: Potion            |     1 |     1 ||     2
       Scroll            |     3 |     7 ||    10
Armor: Robe              |    24 |     7 ||    31
Dodge: Dodged            |    25 |    17 ||    42
